 Dungeon Sprint DCSS version 0.27.1-33-g824d729ab1 (webtiles) character file.

Game seed: 705942094429424347

15423 Hipnos the Sorcerer (level 12, -32/62 HPs)
             Began as a Deep Elf Ice Elementalist on Nov 27, 2021.
             Was the Champion of Vehumet.
             Killed from afar by a fire giant (51 damage)
             ... with a fireball
             ... in the Dungeon (Sprint I: "Red Sonja").
             The game lasted 00:21:42 (4301 turns).

Hipnos the Sorcerer (Deep Elf Ice Elementalist)     Turns: 4301, Time: 00:21:42

Health: -32/62     AC:  4    Str:  5    XL:     12   Next: 1%
Magic:  24/40      EV: 14    Int: 31    God:    Vehumet [******]
Gold:   427        SH:  0    Dex: 10    Spells: 5/55 levels left

rFire    . . .     SeeInvis .   i - +5 scythe (vamp)
rCold    + . .     Faith    .   (shield currently unavailable)
rNeg     . . .     Spirit   .   a - +0 robe
rPois    .         Reflect  .   (no helmet)
rElec    +         Harm     .   m - scarf {repulsion}
rCorr    .         Rampage  .   (no gloves)
Will     ++...     NoTele   +   n - +1 pair of boots {Stlth+}
Stlth    +++.......             (no amulet)
HPRegen  0.20/turn              r - ring "Uclov" {rElec Will+ Int+5 Dex-5}
MPRegen  0.27/turn              s - ring of protection from cold

@: freezing walls, repel missiles
A: no striking features
a: Renounce Religion


You were in the Dungeon.
You worshipped Vehumet.
Vehumet was exalted by your worship.
You visited 1 branch You collected 2354 gold pieces.
You spent 1927 gold pieces at shops.

Inventory:

Hand Weapons
 c - a +0 dagger of draining
 h - a +0 giant spiked club
 i - a +5 vampiric scythe (weapon)
Armour
 a - a +0 robe (worn)
 m - a scarf of repulsion (worn)
 n - a +1 pair of boots of stealth (worn)
 u - a +1 kite shield of cold resistance
Jewellery
 r - the ring "Uclov" (left hand) {rElec Will+ Int+5 Dex-5}
   (You bought it in a shop in the Dungeon)

   [ring of willpower]

   Int:       It affects your intelligence (+5).
   Dex:       It affects your dexterity (-5).
   rElec:     It insulates you from electricity.
   Will:      It increases your willpower.
 s - a ring of protection from cold (right hand)
Wands
 t - a wand of digging (4)
Scrolls
 g - a scroll of blinking
 l - a scroll of acquirement {unknown}
 o - a scroll of identify {unknown}
 q - a scroll of fear {unknown}
Potions
 b - 6 potions of curing
 d - a potion of haste
 e - a potion of magic
 f - a potion of berserk rage
 j - a potion of flight {unknown}
 k - 2 potions of lignification {unknown}
 p - a potion of might {unknown}


   Skills:
 + Level 1.7 Fighting
 - Level 1.7 Polearms
 + Level 7.3 Dodging
 - Level 2.4 Stealth
 + Level 22.3 Spellcasting
 + Level 6.8 Conjurations
 * Level 9.6 Summonings
 + Level 20.9 Ice Magic
 - Level 1.1 Air Magic
 - Level 1.2 Earth Magic


You had 5 spell levels left.
You knew the following spells:

 Your Spells              Type           Power      Damage    Failure   Level
a - Freeze                Ice            100%       1d11      0%          1
b - Frozen Ramparts       Ice            100%       1d12      0%          3
c - Ozocubu's Armour      Ice            100%       N/A       0%          3
d - Hailstorm             Conj/Ice       88%        3d18      1%          4
e - Shock                 Conj/Air       100%       1d9       1%          1
f - Stone Arrow           Conj/Erth      100%       3d13      1%          3
g - Mephitic Cloud        Conj/Pois/Air  50%        N/A       1%          3
h - Ozocubu's Refrigerat  Ice            52%        4d15      1%          7
i - Freezing Cloud        Conj/Ice/Air   38%        6-21      1%          5
j - Summon Ice Beast      Ice/Summ       92%        N/A       1%          4
k - Conjure Ball Lightni  Conj/Air       28%        3x3d8     8%          6
l - Bolt of Magma         Conj/Fire/Erth 25%        4d12      2%          5
m - Irradiate             Conj/Tmut      27%        3d22      1%          5

Your spell library contained the following spells:

 Spells                   Type           Power      Damage    Failure   Level
 Sandblast                Erth           84%        2d18      1%          1
 Corpse Rot               Necr/Air       N/A        N/A       1%          2
 Passwall                 Tmut/Erth      31%        N/A       1%          2
 Poisonous Vapours        Pois/Air       76%        N/A       1%          2
 Ice Form                 Ice/Tmut       79%        N/A       1%          4
 Lee's Rapid Deconstruct  Erth           21%        3d13*     4%          5


Dungeon Overview and Level Annotations

Branches:
Dungeon (1/1)

Altars:
Cheibriados
Dithmenos
Elyvilon
Fedhas
Gozag
Hepliaklqana
Kikubaaqudgha
Makhleb
Nemelex Xobeh
Okawaru
Qazlal
Ru
Sif Muna
Trog
Uskayaw
Vehumet
Wu Jian
Xom
Yredelemnul
Zin
The Shining One
Jiyva
Lugonu

Shops:
D *!*?(*[[[:[!((?[=


Message History

There is an open door here.
You swap places.
Things that are here:
a +0 great sword of flaming; a fire giant corpse A fire giant comes into view.
It is wielding a +4 great sword of flaming.
Found a dagger.
The fire giant shouts!
You hear a shout!
The fire giant casts a spell at you. The bolt of fire hits you!!!
Ouch! That really hurt!
You swap places.
Casting: Summon Ice Beast (safe; 1% risk of failure)
Confirm with . or Enter, or press ? or * to list all spells.
Aiming: Freezing Cloud (safe; 1% risk of failure)
Press: ? - help, Dir - move target The fire giant is engulfed in freezing vapours.
A fire giant comes into view.
It is wielding a +4 great sword of flaming.
Okay, then.
Casting: Freezing Cloud (safe; 1% risk of failure)
Confirm with . or Enter, or press ? or * to list all spells.
A film of ice covers your body!
The fire giant is engulfed in freezing vapours.
The fire giant points at you and mumbles some strange words.
The fireball explodes!
The fireball engulfs your ice beast!!!
Your ice beast melts!
Your ice beast dies!
Your ice beast disappears in a puff of smoke!
You hear a sizzling sound! x3
Unknown command.
Casting: Ozocubu's Armour (safe; 0% risk of failure)
Confirm with . or Enter, or press ? or * to list all spells.
Casting: Frozen Ramparts (safe; 0% risk of failure)
Press: ? - help, Dir - look around, f - activate The walls around you are covered in ice.
The fire giant is engulfed in freezing vapours.
The fire giant casts a spell at you.
The fireball explodes!
The fireball engulfs you!!!
Your icy armour melts away.
Ouch! That really hurt!
You die...

###.'§#°^.#
#.##...#
#.###§#.°##
#..#'###
'.∩##.#..#
##...# #####§#
###.# ...##§#
#.# ...§§.#
#)# #####§#
####'# ....#§#
###..).#
...#'§#
.)#####.@Y####
..≈####
..CC...§###
.≈≈# ..§§#####
≈≈## .. ###
+### #∩∩# ∩∩##
###


You could see 2 fire giants and a friendly ice beast (summoned).

Vanquished Creatures
  A daeva (D)
  2 fire giants (D)
  A hydra (D)
  2 centaur warriors (D)
  Sonja (D)
  A deep troll (D)
  A lindwurm (D)
  An oklob plant (D)
  A gargoyle (D)
  6 unseen horrors (D)
  2 kobold demonologists (D)
  4 demonic crawlers (D)
  A hornet (D)
  A slime creature (D)
  2 redbacks (D)
  Sigmund (D)
  A yak (D)
  13 hogs (D)
  3 floating eyes (D)
  7 necrophages (D)
  An ogre (D)
  8 jellies (D)
  Ijyb (D)
  2 ballistomycete spores (D)
64 creatures vanquished.

Vanquished Creatures (collateral kills)
  An unseen horror (D)
1 creature vanquished.

Vanquished Creatures (others)
  A gargoyle (D)
1 creature vanquished.

Grand Total: 66 creatures vanquished

Notes
Turn   | Place    | Note
-------+----------+-------------------------------------------
     0 | D        | Hipnos the Deep Elf Ice Elementalist began the quest for
                  | the Orb.
     0 | D        | Reached XP level 1. HP: 10/10 MP: 6/6
     1 | D        | Noticed Ijyb
     8 | D        | Killed Ijyb
     9 | D        | Reached skill level 4 in Spellcasting
     9 | D        | Reached XP level 2. HP: 7/15 MP: 1/9
   155 | D        | Noticed an ogre
   162 | D        | Killed an ogre
   163 | D        | Reached skill level 6 in Spellcasting
   163 | D        | Reached XP level 3. HP: 6/19 MP: 4/12
   163 | D        | Reached XP level 4. HP: 8/24 MP: 4/14
   358 | D        | Learned a level 3 spell: Frozen Ramparts
   362 | D        | Learned a level 3 spell: Ozocubu's Armour
   367 | D        | Learned a level 4 spell: Hailstorm
   377 | D        | Noticed Sigmund
   384 | D        | Killed Sigmund
   385 | D        | Reached skill level 8 in Spellcasting
   385 | D        | Reached XP level 5. HP: 20/28 MP: 9/17
   481 | D        | Found an ornate altar of the Wu Jian Council.
   481 | D        | Found a shimmering blue altar of Sif Muna.
   483 | D        | Found a radiant altar of Vehumet.
   488 | D        | Became a worshipper of Vehumet
   492 | D        | Reached XP level 6. HP: 27/32 MP: 12/19
   545 | D        | Found Reexkewn's Distillery.
   545 | D        | Found an ancient bone altar of Kikubaaqudgha.
   545 | D        | Found a hazy altar of Hepliaklqana.
   545 | D        | Found a stormy altar of Qazlal.
   545 | D        | Found a hide-covered altar of Uskayaw.
   545 | D        | Found a blossoming altar of Fedhas.
   545 | D        | Found a bloodstained altar of Trog.
   545 | D        | Found an iron altar of Okawaru.
   545 | D        | Found a basalt altar of Yredelemnul.
   545 | D        | Found a glowing golden altar of the Shining One.
   545 | D        | Found a snail-covered altar of Cheibriados.
   545 | D        | Found a sacrificial altar of Ru.
   545 | D        | Found a glowing silver altar of Zin.
   545 | D        | Found a shadowy altar of Dithmenos.
   545 | D        | Found a white marble altar of Elyvilon.
   545 | D        | Noticed a yak
   548 | D        | Killed a yak
   549 | D        | Reached skill level 9 in Spellcasting
   549 | D        | Found an opulent altar of Gozag.
   550 | D        | Found a sparkling altar of Nemelex Xobeh.
   554 | D        | Bought a potion of heal wounds for 65 gold pieces
   705 | D        | Found a burning altar of Makhleb.
   705 | D        | Found a viscous altar of Jiyva.
   705 | D        | Found a shimmering altar of Xom.
   705 | D        | Found a corrupted altar of Lugonu.
   705 | D        | Noticed a slime creature
   710 | D        | Killed a slime creature
   710 | D        | Reached * piety under Vehumet
   710 | D        | Offered knowledge of Sandblast by Vehumet.
   711 | D        | Reached skill level 5 in Dodging
   711 | D        | Reached skill level 11 in Spellcasting
   711 | D        | Reached XP level 7. HP: 36/36 MP: 8/23
   808 | D        | Noticed a kobold demonologist
   812 | D        | Reached skill level 1 in Polearms
   812 | D        | Noticed a kobold demonologist
   814 | D        | Noticed a sixfirhy
   817 | D        | Killed a kobold demonologist
   818 | D        | Reached skill level 12 in Spellcasting
   818 | D        | Reached skill level 1 in Conjurations
   818 | D        | Killed a kobold demonologist
   818 | D        | Reached ** piety under Vehumet
   819 | D        | Reached skill level 13 in Spellcasting
   819 | D        | Reached skill level 15 in Ice Magic
   819 | D        | Reached XP level 8. HP: 38/42 MP: 21/27
   864 | D        | Noticed Sonja
   867 | D        | Killed Sonja
   867 | D        | Offered knowledge of Shock by Vehumet.
   868 | D        | Reached skill level 14 in Spellcasting
   870 | D        | Learned a level 1 spell: Shock
   965 | D        | Found Bastoyt's Assorted Antiques.
   970 | D        | Killed a gargoyle
   986 | D        | Noticed a deep troll
   992 | D        | Killed a deep troll
   993 | D        | Reached skill level 15 in Spellcasting
   993 | D        | Reached XP level 9. HP: 46/46 MP: 11/30
  1003 | D        | Found Raqexay's Armour Emporium.
  1011 | D        | Bought a scarf of repulsion for 144 gold pieces
  1011 | D        | Bought a +1 pair of boots of stealth for 198 gold pieces
  1090 | D        | Noticed a centaur warrior
  1091 | D        | Noticed a centaur warrior
  1099 | D        | Killed a centaur warrior
  1099 | D        | Offered knowledge of Dazzling Flash by Vehumet.
  1100 | D        | Reached skill level 16 in Spellcasting
  1101 | D        | Killed a centaur warrior
  1101 | D        | Reached *** piety under Vehumet
  1102 | D        | Reached skill level 17 in Spellcasting
  1375 | D        | Noticed an oklob plant
  1380 | D        | Killed an oklob plant
  1380 | D        | Offered knowledge of Stone Arrow by Vehumet.
  1381 | D        | Reached skill level 5 in Conjurations
  1381 | D        | Reached XP level 10. HP: 31/51 MP: 16/33
  1385 | D        | Learned a level 3 spell: Stone Arrow
  1505 | D        | Reached skill level 1 in Air Magic
  1516 | D        | HP: 2/51 [poisoned by a redback]
  1919 | D        | Reached **** piety under Vehumet
  1920 | D        | Reached skill level 18 in Spellcasting
  2141 | D        | Paralysed by a floating eye for 4 turns
  2152 | D        | Offered knowledge of Mephitic Cloud by Vehumet.
  2160 | D        | Reached ***** piety under Vehumet
  2167 | D        | Learned a level 3 spell: Mephitic Cloud
  2276 | D        | Offered knowledge of Ozocubu's Refrigeration by Vehumet.
  2284 | D        | Reached skill level 1 in Earth Magic
  2429 | D        | Found Giteaq's Magic Scroll Shoppe.
  2429 | D        | Found Towuaxyp's Assorted Antiques.
  2429 | D        | Found Zuluoppi's Antique Weapon Boutique.
  2431 | D        | Found Qocevvy's General Store.
  2431 | D        | Found Neezoar's Armour Shop.
  2431 | D        | Found Nuyteag's Antique Armour Shoppe.
  2431 | D        | Found Tohiox's Antique Armour Boutique.
  2431 | D        | Found Moigiah's Book Emporium.
  2431 | D        | Found Haint's Antique Armour Shop.
  2431 | D        | Found Rokuxt's Distillery.
  2435 | D        | Found Fuxaefun's Weapon Boutique.
  2436 | D        | Found Baman's Magic Scroll Emporium.
  2436 | D        | Found Bobetame's Antique Weapon Boutique.
  2437 | D        | Found Qyahewar's Jewellery Emporium.
  2440 | D        | Bought a book of Vapours for 288 gold pieces
  2448 | D        | Learned a level 7 spell: Ozocubu's Refrigeration
  2454 | D        | Learned a level 5 spell: Freezing Cloud
  2460 | D        | Bought the ring "Uclov" {rElec Will+ Int+5 Dex-5} for 546
                  | gold pieces
  2460 | D        | Bought a ring of protection from cold for 350 gold pieces
  2470 | D        | Bought a book of Rime for 336 gold pieces
  2475 | D        | Learned a level 4 spell: Summon Ice Beast
  2595 | D        | Reached skill level 1 in Summonings
  2600 | D        | Offered knowledge of Iskenderun's Mystic Blast by Vehumet.
  2601 | D        | Reached skill level 1 in Fighting
  2601 | D        | Reached skill level 19 in Spellcasting
  3311 | D        | Noticed a gargoyle
  3315 | D        | Killed a gargoyle
  3363 | D        | Noticed a lindwurm
  3369 | D        | Killed a lindwurm
  3602 | D        | Reached skill level 20 in Spellcasting
  3602 | D        | Reached skill level 5 in Summonings
  3602 | D        | Reached XP level 11. HP: 56/56 MP: 26/37
  3603 | D        | Reached ****** piety under Vehumet
  3606 | D        | Offered knowledge of Conjure Ball Lightning by Vehumet.
  3633 | D        | Learned a level 6 spell: Conjure Ball Lightning
  3728 | D        | Noticed a daeva
  3734 | D        | Killed a daeva
  3735 | D        | Reached skill level 21 in Spellcasting
  3848 | D        | Noticed a 12-headed hydra
  3850 | D        | Killed a 12-headed hydra
  3850 | D        | Offered knowledge of Bolt of Magma by Vehumet.
  3857 | D        | Learned a level 5 spell: Bolt of Magma
  4138 | D        | Noticed a fire giant
  4141 | D        | Noticed a fire giant
  4152 | D        | Killed a fire giant
  4152 | D        | Offered knowledge of Irradiate by Vehumet.
  4153 | D        | Reached skill level 22 in Spellcasting
  4159 | D        | Learned a level 5 spell: Irradiate
  4161 | D        | Killed a fire giant
  4162 | D        | Reached XP level 12. HP: 38/62 MP: 6/40
  4297 | D        | Noticed a fire giant
  4299 | D        | Noticed a fire giant
  4301 | D        | Killed from afar by a fire giant

Illustrated notes

Levels and vault maps discovered:
D:        dungeon_sprint_1 [red_sonja_temple_1, red_sonja_temple_small_1]

Skill      XL: |  1  2  3  4  5  6  7  8  9 10 11 |
---------------+----------------------------------+-----
Dodging        | 3 4 5 6 7 |  7.3
Spellcasting   | 4 6 8 11 13 15 17 20 22 | 22.3
Ice Magic      | 7 9 11 12 13 15 16 17 19 20 | 20.9
Polearms       | 1 |  1.7
Conjurations   | 1 3 5 6 |  6.8
Air Magic      | 1 |  1.1
Earth Magic    | 1 |  1.2
Summonings     | 5 9 |  9.6
Fighting       | 1 |  1.7
Stealth        | |  2.4

Action                   |  1- 3 |  4- 6 |  7- 9 | 10-12 || total
-------------------------+-------+-------+-------+-------++-------
Melee: Scythe            |       |     1 |       |     9 ||    10
 Cast: Freeze            |     9 |     4 |     3 |    29 ||    45
       Ozocubu's Armour  |       |     4 |     8 |    19 ||    31
       Frozen Ramparts   |       |     4 |     8 |    17 ||    29
       Hailstorm         |       |     2 |    19 |    19 ||    40
       Shock             |       |       |     1 |     1 ||     2
       Stone Arrow       |       |       |       |    12 ||    12
       Summon Ice Beast  |       |       |       |    22 ||    22
       Ozocubu's Refrige |       |       |       |    11 ||    11
       Freezing Cloud    |       |       |       |     6 ||     6
       Mephitic Cloud    |       |       |       |     1 ||     1
  Use: Potion            |     1 |       |     1 |     1 ||     3
Armor: Robe              |       |     3 |     2 |    64 ||    69
Dodge: Dodged            |     4 |     5 |     4 |    52 ||    65
